Map: Тритон РВ

Players

DeusVult

  • Race: Protoss Protoss
  • League: Master
  • Spawn Location: 11:00

ИИ 1 (новичок) - Winner!

  • Race: Terran Terran
  • Spawn Location: 5:00

VOD

Have the link to the VOD?

Description

Time

  • Played on: Nov. 29, 2019, 1:24 p.m.
  • Length: 10:05
Show
View Real Time Build Order
Export as new Build Order

DeusVult Protoss 

Build Orders: 1 Gate Expand, Double Forge, Blink Stalkers, Zealot Archon 

Get SALT Encoding   

  12  0:01  Probe  
  13  0:13  Probe  
  14  0:17  Pylon  
  14  0:25  Probe  
  15  0:37  Gateway  
  15  0:38  Probe (Chrono Boost)  
  16  0:45  Assimilator  
  17  0:50  Probe (Chrono Boost)  
  17  0:55  Probe (Chrono Boost)  
  18  1:04  Probe  
  19  1:16  Probe  
  20  1:23  Nexus  
  20  1:32  Cybernetics Core  
  20  1:35  Probe  
  21  1:43  Assimilator  
  21  1:47  Pylon  
  21  1:49  Probe  
  23  2:01  Probe  
  23  2:06  Stalker (Chrono Boost)  
  23  2:13  Probe (Chrono Boost)  
  26  2:18  Twilight Council  
  26  2:20  Warp Gate  
  26  2:25  Probe (Chrono Boost)  
  27  2:30  Stalker  
  27  2:33  Probe (Chrono Boost)  
  27  2:36  Probe (Chrono Boost)  
  32  2:45  Probe (Chrono Boost)  
  32  2:46  Probe (Chrono Boost)  
  32  2:51  Probe (Chrono Boost), Blink (Chrono Boost)  
  33  2:52  Probe  
  35  3:02  Probe  
  35  3:04  Probe  
  37  3:06  Stalker  
  39  3:12  Pylon  
  39  3:14  Probe  
  39  3:15  Assimilator  
  39  3:16  Probe  
  41  3:25  Robotics Facility  
  41  3:26  Probe  
  42  3:28  Probe  
  42  3:33  Gateway  
  43  3:38  Probe  
  43  3:40  Gateway  
  44  3:43  Probe  
  44  3:48  Assimilator  
  45  3:50  Pylon, Probe  
  45  3:55  Probe  
  47  3:57  Pylon  
  48  4:02  Probe  
  48  4:04  Pylon  
  48  4:07  Probe  
  48  4:08  Stalker  
  51  4:12  Observer  
  51  4:16  Forge  
  52  4:19  Forge  
  52  4:22  Probe  
  53  4:30  Stalker  
  55  4:34  Observer  
  55  4:35  Stalker x2  
  55  4:37  Probe x2  
  62  4:39  Charge  
  62  4:44  Protoss Ground Weapons Level 1 (Chrono Boost)  
  62  4:54  Protoss Ground Armor Level 1 (Chrono Boost)  
  62  5:04  Nexus  
  62  5:05  Pylon  
  62  5:11  Sentry  
  62  5:12  Sentry  
  66  5:17  Templar Archives  
  66  5:25  Gateway  
  66  5:26  Gateway  
  66  5:29  Probe  
  66  5:30  Probe  
  68  5:39  Gateway x2  
  68  5:43  Gateway  
  68  5:44  Gateway  
  68  5:47  Observer  
  68  5:48  Sentry  
  71  5:51  Zealot  
  71  5:52  Zealot  
  71  5:54  Probe  
  71  5:55  Probe  
  77  6:06  Probe  
  77  6:07  Probe  
  77  6:11  Gateway  
  79  6:13  Gateway  
  79  6:14  High Templar  
  79  6:15  Zealot, High Templar  
  85  6:19  Probe x2  
  85  6:22  Probe  
  85  6:25  Assimilator  
  88  6:29  Pylon  
  88  6:30  Assimilator  
  88  6:31  Probe  
  88  6:32  High Templar x2  
  93  6:33  Archon  
  93  6:34  Probe x2  
  95  6:40  Archon  
  95  6:43  Probe  
  95  6:46  Protoss Ground Weapons Level 2 (Chrono Boost), Probe  
  97  6:50  Pylon  
  97  6:52  Pylon  
  97  6:53  Zealot x2  
  101  6:55  Probe x2  
  101  6:56  Protoss Ground Armor Level 2 (Chrono Boost)  
  101  6:58  Probe  
  104  7:01  Zealot  
  104  7:02  Zealot  
  108  7:09  Zealot  
  108  7:11  Pylon  
  108  7:13  Probe x2  
  108  7:14  Probe  
  113  7:19  Photon Cannon  
  113  7:25  Photon Cannon  
  113  7:26  Photon Cannon  
  113  7:36  Nexus  
  113  7:42  Pylon  
  113  7:43  High Templar x2  
  113  7:44  High Templar x2  
  119  7:45  Zealot  
  123  7:54  Warp Prism  
  123  7:58  High Templar x2  
  129  7:59  Zealot x2  
  129  8:01  Archon x2  
  129  8:02  Archon  
  133  8:10  Robotics Bay  
  133  8:11  Robotics Facility  
  133  8:18  Zealot x3  
  133  8:19  Zealot  
  141  8:27  Pylon  
  141  8:29  Pylon  
  141  8:30  Pylon  
  141  8:31  Pylon  
  141  8:33  Pylon  
  141  8:47  Zealot x9  
  159  8:48  Zealot  
  159  8:51  Zealot  
  163  9:00  Probe  
  163  9:01  Probe x2  
  163  9:02  Probe  
  167  9:07  Colossus x2 (Chrono Boost)  
  179  9:17  High Templar x3  
  179  9:18  High Templar  
  179  9:22  Archon x2  
  179  9:23  Zealot x2  
  191  9:24  Zealot  
  191  9:28  Pylon  
  193  9:32  Zealot  
  193  9:36  Pylon  
  195  9:45  Assimilator  
  195  9:47  Zealot, Assimilator  
  195  9:48  Zealot, Probe  
  200  10:00  Photon Cannon  
  200  10:04  Photon Cannon  
Show
View Real Time Build Order
Export as new Build Order

ИИ 1 (новичок) Terran - Winner!

Build Orders:  

Get SALT Encoding   

  12  0:00  SCV  
  13  0:13  SCV  
  14  0:18  Supply Depot  
  14  0:37  Refinery  
  14  0:42  Barracks  
  14  1:04  Supply Depot  
  14  1:13  Refinery  
  14  1:30  Marine  
  14  1:31  Orbital Command  
  15  1:49  Barracks Tech Lab  
  15  1:57  SCV  
  16  2:09  SCV  
  17  2:16  Marine  
  17  2:21  SCV  
  19  2:33  SCV  
  20  2:45  SCV  
  21  2:57  SCV  
  22  3:02  Marauder  
  23  4:24  SCV  
  24  6:42  SCV, Marine  
  24  6:43  Supply Depot  
  24  6:46  Factory  
  26  6:48  Command Center  
  27  6:54  SCV  
  23  7:06  SCV  
  23  7:07  Supply Depot  
  24  7:14  Marine  
  24  7:35  Starport  
  24  7:47  Marine  
  25  8:01  SCV  
  25  8:04  Refinery  
  26  8:08  SCV  
  26  8:10  Refinery  
  27  8:13  Starport Tech Lab  
  27  8:15  SCV  
  27  8:19  Marine  
  29  8:22  SCV  
  30  8:30  SCV  
  30  8:32  Raven  
  33  8:37  SCV  
  34  8:44  SCV  
  35  8:51  SCV, Marine  
  37  8:58  SCV  
  38  9:05  SCV  
  39  9:12  SCV  
  39  9:15  Raven  
  42  9:20  SCV  
  42  9:24  Marauder  
  45  9:27  SCV  
  46  9:34  SCV  
  47  9:41  SCV  
  48  9:48  SCV  
Tags
 
Add a new tag
Caveats
  • Supply blocks, unpowered buildings, or Contaminate may cause inaccurate times.
  • Supply counts are checked every 10 seconds.